 Dungeon Crawl Stone Soup version bcrawl-1.36.4 (webtiles) character file.

Game seed: 72293923633364733

390873 BreqofToren the Basher (level 10, -3/88 HPs)
             Began as a Minotaur Fighter on July 13, 2022.
             Was an Elder of Zin.
             Slain by a warg (8 damage)
             ... called by Grum
             ... on level 8 of the Dungeon.
             The game lasted 00:21:03 (6834 turns).

BreqofToren the Basher (Minotaur Fighter)           Turns: 6834, Time: 00:21:03

Health: -3/88      AC: 34    Str: 26    XL:     10   Next: 51%
Magic:  12/12      EV: 10    Int:  5    God:    Zin [****..]
Gold:   431        SH:  0    Dex: 13    Spells: 9/9 levels left

rFire    . . .     SeeInvis .   K - +3 dire flail
rCold    . . .     Gourm    .   (shield currently unavailable)
rNeg     . . .     Faith    .   G - +15 Maxwell's patent armour {-Cast -Tele rElec MR+ rCorr}
rPois    +         Spirit   .   (helmet restricted)
rElec    +         Reflect  .   o - +2 cloak
rCorr    +         NoTele   +   I - +0 pair of gloves
MR       +....     NoCast   +   v - +0 pair of boots of Lilacs {rPois}
Stlth    ..........             z - amulet of rage
HPRegen  0.24/turn              (no ring)
MPRegen  0.13/turn              (no ring)

@: mighty
A: retaliatory headbutt, horns 2
a: Recite, Vitalisation, Manna, Imprison, Donate Gold, Renounce Religion, Evoke
Berserk Rage


You were on level 8 of the Dungeon.
You worshipped Zin.
Zin was greatly pleased with you.
You were not hungry.

You visited 2 branches of the dungeon, and saw 9 of its levels.

You collected 478 gold pieces.
You donated 47 gold pieces to Zin.

Inventory:

Hand Weapons
 a - a +1 flail
 w - a +1 flail of protection
 K - a +3 dire flail (weapon)
Armour
 b - a +0 scale mail
 c - a +0 medium shield
 g - a +0 pair of boots
 o - a +2 cloak (worn)
 v - the +0 pair of boots of Lilacs (worn) {rPois}
   (You found it on level 4 of the Dungeon)

   It protects you from poison.
 y - the +1 robe of Facaniq {rElec rPois, unknown}
   (You found it on level 5 of the Dungeon)

   It insulates you from electricity.
   It protects you from poison.
 F - the +1 chain mail of Kaseeh {rElec rN+ SInv}
   (You found it on level 6 of the Dungeon)

   It insulates you from electricity.
   It protects you from negative energy.
   It lets you see invisible.
 G - the +15 Maxwell's patent armour (worn) {-Cast -Tele rElec MR+ rCorr}
   (You found it on level 7 of the Dungeon)

   It insulates you from electricity.
   It affects your resistance to hostile enchantments.
   It prevents spellcasting.
   It prevents most forms of teleportation.
   It provides partial protection from all sources of acid and corrosion.
 I - a +0 pair of gloves (worn)
Jewellery
 z - an amulet of rage (around neck)
Wands
 d - a wand of digging (12)
 q - a wand of charming (6)
 t - a wand of acid (11)
 x - a wand of scattershot (6)
 B - a wand of paralysis (6)
 J - a wand of iceblast (8)
 M - a wand of flame (25)
Scrolls
 h - 4 scrolls of fog
 l - 5 scrolls of remove curse
 n - a scroll of enchant weapon
 r - 3 scrolls of amnesia
 A - a scroll of immolation
 C - a scroll of enchant armour
 D - 2 scrolls of magic mapping
 L - a scroll of fear
 R - a scroll of noise {unknown}
Potions
 f - a potion of heal wounds
 i - 2 potions of cancellation {unknown}
 j - 2 potions of haste
 k - 3 potions of curing
 m - 3 potions of brilliance
 p - 2 potions of agility {unknown}
 s - a potion of might
 u - 4 potions of flight {unknown}
 E - 2 potions of mutation {unknown}
 H - a potion of berserk rage {unknown}
 N - a potion of resistance {unknown}
 O - a potion of invisibility {unknown}
 P - a potion of lignification {unknown}
 Q - a potion of degeneration {unknown}
Comestibles
 e - 11 rations {!d}


   Skills:
 + Level 8.1 Fighting
 * Level 10.5 Maces & Flails
 + Level 8.2 Armour
 + Level 6.4 Dodging
 + Level 8.1 Shields
 + Level 5.2 Invocations


You had 9 spell levels left.
You didn't know any spells.
Your spell library contained the following spells:

 Spells                   Type           Power        Failure   Level  Hunger
 Shock                    Conj/Air       #....        99%         1    None
 Swiftness                Chrm/Air       #.......     100%        2    ####...
 Static Discharge         Air            #.......     100%        3    #####..
 Airstrike                Air            #.........   100%        4    ######.
 Lightning Bolt           Conj/Air       #.........   100%        5    #######


Dungeon Overview and Level Annotations

Branches:
Dungeon (8/12)             Temple (1/1) D:7
   Lair: D:7-9          Orc: D:8-11

Altars:
Ashenzari
Cheibriados
Dithmenos
Elyvilon
Fedhas
Gozag
Hepliaklqana
Lugonu
Makhleb
Nemelex Xobeh
Okawaru
Qazlal
Ru
Sif Muna
Trog
Uskayaw
Vehumet
Wu Jian
Xom
Yredelemnul
Zin

Shops:
D:4 *   D:5 =   D:6 *

Annotations:
D:7 3 runed translucent doors, yrara's ghost, novice DsFi
D:8 Grum


Innate Abilities, Weirdness & Mutations

You reflexively headbutt those who attack you in melee.
You have a pair of horns on your head.


Message History

Something hits you but does no damage. The warg barely misses you.
You furiously retaliate!
You headbutt the warg.
You eat one of the 12 rations {!d}.
That ration really hit the spot!
Something hits you but does no damage. Grum hits you but does no damage.
The warg closely misses you. Something hits you but does no damage.
You feel very mighty all of a sudden. The warg bites you but does no damage.
Grum casts a spell at you. Something smites you!
* * * LOW HITPOINT WARNING * * *
Something hits you but does no damage. The warg misses you.
You hear a howl!
You closely miss something. You headbutt something!
Grum hits you from afar with a -1 spear!
* * * LOW HITPOINT WARNING * * *
You miss something. Your headbutt misses something.
An orc wizard appears from thin air!
Reactivating autopickup.
The warg bites you!
You die...

.......#.# #...
......#.. ... #
#....#5##.. .#
#....#..<. ..#
#....#.#.#.5.##
#....#h#H...h..
#hg.<#
#o#...oho...
#@#.........
#.[h#......###
##..#o.....#
#..#..o...#
..........#
...........#
..... .......


You could see Grum, a warg, 2 wolves and an orc wizard.

Vanquished Creatures
  A hydra (D:8)
  A catoblepas (D:8)
  A hippogriff (D:8)
  Eustachio (D:6)
  A steam dragon (D:6)
  Menkaure (D:7)
  A hungry ghost (D:7)
  A vampire mosquito (D:7)
  Edmund (D:5)
  A water moccasin (D:5)
  2 orc warriors
  A black bear (D:8)
  5 ice beasts
  3 sky beasts
  2 phantoms
  7 ogres
  A hornet zombie (D:7)
  2 wolves (D:8)
  A bullfrog (D:5)
  4 centaurs
  2 scorpions
  7 wights
  A howler monkey (D:7)
  An orc priest (D:3)
  4 crimson imps
  3 hounds
  3 orc wizards
  Natasha (D:4)
  An iguana (D:4)
  4 worker ants
  A hound skeleton (D:5)
  A worker ant zombie (D:5)
  A howler monkey skeleton (D:7)
  3 gnolls (D:4)
  10 adders
  2 shadow imps
  2 oozes
  An adder zombie (D:6)
  2 worms
  4 dart slugs
  5 leopard geckos
  25 orcs
  8 bats
  4 giant cockroaches
  5 goblins
  13 hobgoblins
  6 jackals (D:1)
  5 quokkas
  3 ball pythons
  2 frilled lizards
  A jackal skeleton (D:6)
  4 kobolds
  A quokka zombie (D:3)
  4 rats
178 creatures vanquished.

Vanquished Creatures (others)
  A gnoll (D:4)
1 creature vanquished.

Grand Total: 179 creatures vanquished

Notes
Turn   | Place    | Note
-------+----------+-------------------------------------------
     0 | D:1      | BreqofToren the Minotaur Fighter began the quest for the
                  | Orb.
     0 | D:1      | Reached XP level 1. HP: 19/19 MP: 0/0
   163 | D:1      | Reached XP level 2. HP: 26/27 MP: 1/1
   214 | D:1      | Reached skill level 3 in Maces & Flails
   463 | D:1      | Reached skill level 1 in Dodging
   463 | D:1      | Reached XP level 3. HP: 32/33 MP: 2/2
   880 | D:2      | Found a sacrificial altar of Ru.
  1054 | D:2      | Found a sparkling altar of Nemelex Xobeh.
  1196 | D:2      | Reached XP level 4. HP: 40/40 MP: 3/3
  1418 | D:2      | Noticed an ogre
  1422 | D:2      | Killed an ogre
  1423 | D:2      | Reached skill level 4 in Maces & Flails
  1423 | D:2      | Reached XP level 5. HP: 30/46 MP: 4/4
  1763 | D:3      | Found a shattered altar of Ashenzari.
  1871 | D:3      | Found a glowing silver altar of Zin.
  1871 | D:3      | Found a snail-covered altar of Cheibriados.
  1874 | D:3      | Found a hazy altar of Hepliaklqana.
  1931 | D:3      | Became a worshipper of Zin the Law-Giver
  1931 | D:3      | Reached * piety under Zin
  2155 | D:3      | Found an iron altar of Okawaru.
  2346 | D:3      | Found a shimmering blue altar of Sif Muna.
  2400 | D:3      | Reached skill level 5 in Maces & Flails
  2400 | D:3      | Reached XP level 6. HP: 40/53 MP: 5/5
  2576 | D:4      | Found Ocyror's General Store.
  2706 | D:4      | Found a radiant altar of Vehumet.
  2859 | D:4      | Reached ** piety under Zin
  2943 | D:4      | Reached skill level 5 in Armour
  2943 | D:4      | Reached skill level 5 in Shields
  2948 | D:4      | Got a pair of buzzing boots
  2959 | D:4      | Identified the cursed +0 pair of boots of Lilacs {rPois}
                  | (You found it on level 4 of the Dungeon)
  3184 | D:4      | Reached skill level 5 in Fighting
  3184 | D:4      | Reached skill level 1 in Invocations
  3184 | D:4      | Reached XP level 7. HP: 55/61 MP: 6/6
  3209 | D:4      | Noticed Natasha
  3215 | D:4      | Killed Natasha
  3516 | D:5      | Entered Level 5 of the Dungeon
  3534 | D:5      | Reached skill level 6 in Maces & Flails
  3593 | D:5      | Found Murchyefu's Jewellery Emporium.
  3614 | D:5      | Noticed Edmund
  3641 | D:5      | Killed Edmund
  4031 | D:5      | Reached XP level 8. HP: 47/69 MP: 8/8
  4131 | D:5      | Reached skill level 7 in Maces & Flails
  4395 | D:5      | Got a crude robe
  4399 | D:5      | Reached *** piety under Zin
  4524 | D:6      | Found a hide-covered altar of Uskayaw.
  4591 | D:6      | Found an ornate altar of the Wu Jian Council.
  4684 | D:6      | Reached skill level 8 in Maces & Flails
  4730 | D:6      | Noticed Eustachio
  4740 | D:6      | Killed Eustachio
  4746 | D:6      | Got a steaming chain mail
  4757 | D:6      | Identified the cursed +1 chain mail of Kaseeh {rElec rN+
                  | SInv} (You found it on level 6 of the Dungeon)
  4772 | D:6      | Reached XP level 9. HP: 75/78 MP: 10/10
  4993 | D:6      | Found Usoerch's Assorted Antiques.
  5101 | D:6      | Reached skill level 5 in Dodging
  5632 | D:7      | Reached **** piety under Zin
  5635 | D:7      | Noticed Menkaure
  5664 | D:7      | Killed Menkaure
  5665 | D:7      | Reached skill level 9 in Maces & Flails
  5869 | D:7      | Found the +15 Maxwell's patent armour {-Cast -Tele rElec
                  | MR+ rCorr}
  5951 | D:7      | Found a runed translucent gate.
  5951 | D:7      | Found a runed translucent gate.
  5951 | D:7      | Found a runed translucent gate.
  5952 | D:7      | Noticed yrara's ghost (novice DsFi)
  6061 | D:7      | Found a staircase to the Ecumenical Temple.
  6072 | Temple   | Entered the Ecumenical Temple
  6692 | D:7      | Found a shadowy altar of Dithmenos.
  6703 | D:7      | Reached XP level 10. HP: 86/86 MP: 12/12
  6754 | D:8      | Noticed a catoblepas
  6755 | D:8      | Noticed a six-headed hydra
  6767 | D:8      | Killed a six-headed hydra
  6768 | D:8      | Reached skill level 10 in Maces & Flails
  6787 | D:8      | Reached skill level 5 in Invocations
  6802 | D:8      | Noticed Grum
  6809 | D:8      | Killed a catoblepas
  6827 | D:8      | HP: 2/88 [warg[Grum] (11)]
  6834 | D:8      | Slain by a warg

Skill      XL: |  1  2  3  4  5  6  7  8  9 10 |
---------------+-------------------------------+-----
Maces & Flails | 3 4 5 6 8 9 10 | 10.5
Dodging        | 1 2 3 4 5 6 |  6.4
Shields        | 4 5 6 7 8 |  8.1
Armour         | 4 5 6 7 8 |  8.2
Fighting       | 4 5 6 7 8 |  8.1
Invocations    | 1 2 3 4 5 |  5.2

Action                   |  1- 3 |  4- 6 |  7- 9 | 10-12 || total
-------------------------+-------+-------+-------+-------++-------
Melee: Flail             |   119 |   125 |   255 |       ||   499
       Headbutt          |    22 |    20 |    72 |    12 ||   126
       Dire flail        |       |       |    81 |    61 ||   142
Evoke: Wand              |       |       |     3 |       ||     3
  Use: Scroll            |     3 |     1 |    12 |       ||    16
       Potion            |       |     1 |       |     3 ||     4
  Eat: Chunk             |     5 |     9 |    12 |     1 ||    27
       Ration            |       |       |     3 |     1 ||     4
Armor: Scale mail        |    60 |    56 |    55 |       ||   171
       Chain mail        |       |       |    63 |       ||    63
       Plate armour      |       |       |    29 |    93 ||   122
Dodge: Dodged            |    31 |    31 |    91 |    43 ||   196
Block: Medium shield     |    72 |    58 |   125 |       ||   255
